Map: Ulrena

Players

CodeZ - Winner!

  • Race: Zerg Zerg
  • League: Gold

capac

  • Race: Terran Terran
  • League: Gold

VOD

Have the link to the VOD?

Description

Time

  • Played on: March 20, 2016, 11:51 a.m.
  • Length: 11:15
Show
View Real Time Build Order
Export as new Build Order

CodeZ Zerg - Winner!

Build Orders: Hatch First 

Get SALT Encoding   

  12  0:01  Drone  
  13  0:12  Overlord  
  13  0:18  Drone  
  14  0:31  Drone x2  
  16  0:56  Hatchery  
  15  1:06  Spawning Pool  
  15  1:10  Drone  
  15  1:11  Drone  
  15  1:15  Drone  
  17  1:24  Drone  
  18  2:00  Queen  
  20  2:08  Drone  
  20  2:10  Overlord  
  20  2:11  Drone x2  
  20  2:14  Hatchery  
  22  2:21  Zergling x2  
  23  2:27  Extractor  
  22  2:32  Zergling x2  
  24  2:40  Spine Crawler  
  24  2:52  Queen, Drone  
  24  2:53  Drone x2  
  24  2:54  Queen  
  24  2:58  Extractor  
  30  2:59  Extractor  
  30  3:05  Drone x3  
  31  3:09  Drone  
  33  3:15  Overlord  
  33  3:31  Drone  
  34  3:37  Drone x2  
  34  3:41  Extractor, Drone x5  
  38  3:46  Queen  
  38  3:48  Drone  
  43  4:07  Overlord x2  
  43  4:10  Drone x3  
  46  4:20  Lair  
  46  4:23  Drone x3  
  49  4:32  Roach Warren  
  48  4:45  Drone x3  
  51  4:46  Overlord x2  
  51  4:47  Overlord  
  53  5:21  Roach  
  53  5:22  Roach x14  
  53  5:25  Glial Reconstitution, Drone  
  53  5:28  Drone  
  83  5:30  Drone  
  83  5:32  Drone  
  83  5:34  Overseer  
  85  5:51  Ravager  
  85  5:52  Ravager x4  
  85  5:54  Overlord  
  85  5:55  Overlord x2  
  90  6:18  Roach  
  92  6:19  Roach x9  
  92  6:24  Roach x2  
  80  7:43  Roach  
  80  7:44  Roach x12  
  79  8:02  Overlord  
  79  8:10  Spire  
  78  8:15  Evolution Chamber  
  78  8:17  Evolution Chamber  
  76  8:31  Extractor, Drone x4  
  76  8:32  Drone  
  76  8:33  Extractor  
  79  8:47  Zerg Missile Weapons Level 1  
  79  8:48  Zerg Ground Armor Level 1  
  79  9:02  Extractor  
  78  9:14  Roach x10  
  78  9:15  Overlord x5  
  98  9:34  Hatchery  
  97  9:43  Spore Crawler  
  96  9:53  Corruptor x8  
  96  9:54  Corruptor  
  114  10:14  Overlord x3  
  114  10:21  Overseer  
Show
View Real Time Build Order
Export as new Build Order

capac Terran 

Build Orders: Reaper Expand, MMM Bio 

Get SALT Encoding   

  12  0:00  SCV  
  13  0:16  Supply Depot  
  13  0:17  SCV  
  14  0:29  SCV  
  15  0:40  Barracks  
  15  0:41  SCV  
  16  0:45  Refinery  
  16  0:53  SCV  
  17  1:06  SCV  
  18  1:18  SCV  
  19  1:30  Supply Depot  
  19  1:34  Reaper  
  20  1:44  Command Center  
  20  1:54  Orbital Command  
  20  2:12  Refinery  
  20  2:17  Barracks Reactor  
  20  2:26  Bunker  
  19  2:53  Marine x2  
  19  2:58  Orbital Command  
  21  2:59  Barracks, Factory  
  21  3:02  SCV  
  22  3:15  Orbital Command  
  22  3:18  Orbital Command  
  22  3:32  Marine x2  
  24  3:38  Bunker  
  24  3:49  Factory Tech Lab  
  24  3:51  Barracks Tech Lab  
  24  3:52  Starport  
  24  3:55  SCV  
  25  4:00  SCV  
  26  4:10  Supply Depot  
  26  4:19  Marine x2  
  26  4:21  Marine  
  26  4:22  Stimpack  
  29  4:26  SCV x2  
  31  4:33  Medivac  
  31  4:38  SCV x2  
  35  4:46  Marine x2  
  35  4:47  Marine  
  38  4:53  SCV  
  38  4:54  SCV  
  38  4:55  Supply Depot  
  38  4:56  Barracks  
  40  5:03  Refinery  
  40  5:06  Marine x2  
  40  5:07  Marine  
  42  5:08  Medivac  
  45  5:14  SCV x2  
  46  5:24  Marine  
  46  5:26  SCV x2  
  49  5:31  Marine x2  
  49  5:33  Siege Tank  
  54  5:38  SCV x2  
  54  5:41  Starport Reactor  
  56  5:43  Marine  
  56  5:48  Marine  
  56  5:49  Marine  
  59  5:56  SCV x2  
  61  5:59  Barracks Reactor  
  61  6:01  Marine  
  62  6:07  Barracks  
  62  6:10  Engineering Bay  
  62  6:12  Engineering Bay  
  62  6:13  Reaper  
  62  6:14  Supply Depot  
  63  6:27  Marine x2  
  63  6:28  Combat Shields  
  63  6:31  Viking  
  67  6:37  Viking  
  69  6:45  Marine  
  51  7:03  Marine x3  
  51  7:07  Siege Tank  
  49  7:08  Marine x2  
  49  7:09  Marine  
  51  7:21  Marine x3  
  53  7:27  Marine  
  53  7:28  Marine x2  
  54  7:39  Marine  
  54  7:41  Marine x2  
  52  7:45  Marine  
  52  7:46  Marine x2  
  52  7:56  Marine  
  52  7:59  Marine  
  52  8:03  Marine  
  55  8:08  Marine  
  55  8:17  Command Center  
  55  8:42  Command Center  
  55  9:10  Barracks Reactor x2  
  55  9:15  Marine x2  
  55  9:16  Supply Depot, Medivac x2  
  61  9:18  Supply Depot  
  61  9:21  Marine  
  62  9:34  SCV  
  63  9:46  SCV  
  64  10:07  Missile Turret  
  64  10:10  Orbital Command  
  64  10:13  Missile Turret  
  64  10:14  SCV  
  65  10:26  SCV  
  66  10:30  Refinery  
  66  10:31  Refinery  
  66  10:46  Marine x3  
  66  10:47  Marine x4  
Tags
 
Add a new tag
Caveats
  • Supply blocks, unpowered buildings, or Contaminate may cause inaccurate times.
  • Supply counts are checked every 10 seconds.